AoeStats
← The Senate

Arabia

503851216Analyzed
1v1 RM · 1mo ago on Sep 2, 2026· 22m 37s· 2 players
Game mode
Random Map
Map size
Tiny (2 player)
Population
200
Speed
Normal
Resources
Standard
Victory
Conquest
Starting age
Dark Age
Ending age
Imperial Age
RankedLock teamsTeams togetherTeam positionsShared explorationLock speedFull tech treeHidden civsTurbo modeCheats
Victory
Defeat
🇪🇸 Bulgarians · Spain
674
+14
🇷🇴 Byzantines · Romania
624
-14
The Senate
7:53 Loom
11:41 Feudal Age
12:08 Double-Bit Axe
12:05 Horse Collar
12:19 Gold Mining
18:59 Fletching
21:34 Scale Mail Armor
Pacne
0:28 Loom
12:05 Feudal Age
19:13 Castle Age
Connection lost

Rejoining the realm…

Still unreachable

The connection could not be restored.

Session expired

The server has moved on; the page needs a fresh start.